 Dungeon Crawl Stone Soup version 0.23-a0-296-ga3b1b28 (webtiles) character file.

1 MisterFreud the Digger (level 1, 0/10 HPs)
             Began as a Gargoyle Earth Elementalist on Oct 5, 2018.
             Slain by a jackal (2 damage)
             ... on level 3 of the Dungeon.
             The game lasted 00:01:36 (293 turns).

MisterFreud the Digger (Gargoyle Earth Elementalist) Turns: 293, Time: 00:01:36

Health: 0/10       AC:  4    Str: 11    XL:     1   Next: 20%
Magic:  3/3        EV: 12    Int: 15    God:
Gold:   6          SH:  0    Dex: 10    Spells: 3/4 levels left

rFire    . . .     SeeInvis .   (no weapon)
rCold    . . .     Gourm    .   (no shield)
rNeg     + . .     Faith    .   c - +0 robe
rPois    ∞         Spirit   .   (no helmet)
rElec    +         Reflect  .   (no cloak)
rCorr    .         Harm     .   (no gloves)
MR       .....                  (no boots)
Stlth    ++........             (no amulet)
HPRegen  0.03/turn              (no ring)
MPRegen  0.08/turn              (no ring)

@: no status effects
A: negative energy resistance 1, electricity resistance, unbreathing,
petrification resistance, rot immunity, AC +2
a: no special abilities


You were on level 3 of the Dungeon.
You were not hungry.

You visited 1 branch of the dungeon, and saw 3 of its levels.

You collected 6 gold pieces.

Inventory:

Missiles
 b - 29 stones (quivered)
Armour
 c - a +0 robe (worn)
Scrolls
 e - a scroll of enchant weapon
 f - 2 scrolls of teleportation {unknown}
Potions
 a - a potion of agility {unknown}
 g - 2 potions of curing {unknown}
Comestibles
 d - a ration


   Skills:
 - Level 1.5 Dodging
 - Level 2.1 Stealth
 - Level 2.0 Spellcasting
   Level 0.7 Transmutations
 + Level 3.7 Earth Magic


You had 3 spell levels left.
You knew the following spells:

 Your Spells              Type           Power        Failure   Level  Hunger
a - Sandblast             Erth           ##....       4%          1    #......

Your spell library contained the following spells:

 Spells                   Type           Power        Failure   Level  Hunger
 Passwall                 Tmut/Erth      #.......     14%         2    ###....
 Stone Arrow              Conj/Erth      #.....       30%         3    ###....
 Petrify                  Tmut/Erth      #.......     65%         4    #####..
 Lee's Rapid Deconstruct  Erth           ##........   78%         5    ######.


Dungeon Overview and Level Annotations

Branches:
Dungeon (3/15)

Altars:
Elyvilon


Innate Abilities, Weirdness & Mutations

You are resistant to torment.
Your stone body is resilient. (AC +2)
You are immune to poison.
You resist negative energy. (rN+)
You are resistant to electric shocks. (rElec)
You can survive without breathing.
You are immune to petrification.
You are immune to rotting.


Message History

There is a stone staircase leading down here.
You climb downwards. 2 goblins, a hobgoblin, 2 kobolds and an orc come into view.
The orc shouts!
The goblin shouts!
The kobold shouts!
The goblin shouts!
Found four items.
Found a stone staircase leading up and a stone staircase leading down.
There is a stone staircase leading up here.
The jackal misses you.
The kobold throws a stone.
The stone hits you but does no damage.
You see here a stone.
The jackal bites you but does no damage.
The goblin barely misses you. The kobold hits you. The goblin hits you.
* * * LOW HITPOINT WARNING * * *
The goblin hits you with a dagger.
* * * LOW HITPOINT WARNING * * *
The kobold hits you but does no damage.
There is a stone staircase leading up here.
The jackal bites you.
You die...

.........#
........#
.....?.#
#......#### .##
#K........#
?...##...%.....#
.o.....<.......#
.g....$.(gK....#
.........h@.#.##
..#.......g...#
#...######.....#
...# ##.....#
... .#...# #.
...#.# ##.#.# .#
#


You could see a jackal, 2 goblins and 2 kobolds.

Vanquished Creatures
  A hobgoblin (D:1)
1 creature vanquished.

Notes
Turn   | Place    | Note
-------+----------+-------------------------------------------
     0 | D:1      | MisterFreud the Gargoyle Earth Elementalist began the quest
                  | for the Orb.
     0 | D:1      | Reached XP level 1. HP: 10/10 MP: 3/3
   276 | D:1      | You fall through a shaft!
   276 | D:2      | Found a white marble altar of Elyvilon.
   293 | D:3      | Slain by a jackal

Vault maps used:
D:1:      evilmike_arrival_home_sweet_home
D:2:      nicolae_overflow_crystal_walls, nicolae_overflow_hidden_temple,
          first_ration, elyvilon_altar_5, uniq_terence

Action                   || total
-------------------------++-------
Melee: Unarmed           ||     4
 Cast: Sandblast         ||     1
  Use: Scroll            ||     1
Armor: Robe              ||     7
Dodge: Dodged            ||     6

Table legend:
 A = Non-vault XP
 B = Vault XP
 C = Vault XP percentage of total XP
 D = Non-vault monster count
 E = Vault monster count
 F = Vault count percentage of total count
                 A         B        C        D         E       F
            +---------+---------+-------+---------+---------+-------
      Total |       2 |       0 |   0.0 |       1 |       0 |   0.0
            +---------+---------+-------+---------+---------+-------
        D:1 |       2 |       0 |   0.0 |       1 |       0 |   0.0
            +---------+---------+-------+---------+---------+-------
